 Dungeon Crawl Stone Soup version 0.30-a0-585-g93115170b9 (webtiles) character file.

Game seed: 5197375965491591909

40968 hikkokomori the Destroyer (level 14, 0/99 HPs)
             Began as an Octopode Conjurer on Jan 2, 2023.
             Was an Initiate of Gozag.
             Slain by a six-headed hydra (16 damage)
             ... on level 4 of the Lair of Beasts.
             The game lasted 01:24:05 (17771 turns).

hikkokomori the Destroyer (Octopode Conjurer)      Turns: 17771, Time: 01:24:06

Health: 0/99       AC:  1    Str:  7    XL:     14   Next: 13%
Magic:  24/36      EV: 33    Int: 26    God:    Gozag
Gold:   1667       SH:  6    Dex: 18    Spells: 3/31 levels left

rFire   + + .      SeeInvis +    E - +4 war axe of Floods {elec, Drain rPois rF+ Int+4}
rCold   + . .      Faith    .    N - +0 buckler
rNeg    . . .      Spirit   .    (helmet restricted)
rPois   +          Reflect  .    j - amulet of magic regeneration
rElec   +          Harm     .    l - ring "Sycawydi" {Drain Dex+5 SInv}
rCorr   .          Rampage  .    F - ring of magical power
Will    ++...                    e - +5 ring of evasion
Stlth   +++++                    Q - +5 ring of evasion
HPRegen 0.36/turn                T - +5 ring of evasion
MPRegen 0.65/turn                R - ring of protection from cold
                                 W - ring "Alutzu Xaro" {rElec rF+}
                                 X - ring of willpower

@: no status effects
A: almost no armour, amphibious, 8 rings, camouflage 1, gelatinous body 1,
(nimble swimmer 1), tentacles
a: Renounce Religion, Potion Petition, Call Merchant, Bribe Branch


You were on level 4 of the Lair of Beasts.
You worshipped Gozag.
Gozag was most pleased with you.
You visited 4 branches of the dungeon, and saw 19 of its levels.
You also visited: Sewer.

You collected 5449 gold pieces.
You spent 2077 gold pieces at shops.
You paid 1705 gold pieces to Gozag.

Inventory:

Hand Weapons
 y - a +4 double sword of holy wrath
 E - the +4 war axe of Floods (weapon) {elec, Drain rPois rF+ Int+4}
   (You found it on level 6 of the Dungeon)

   It occasionally discharges a powerful burst of electricity upon striking a
   foe.
   Int:       It affects your intelligence (+4).
   rF:        It protects you from fire.
   rPois:     It protects you from poison.
   Drain:     It drains your maximum health when unequipped.
 O - the +4 rapier of the Mosquito {speed, rElec rN+}
   (You found it on level 12 of the Dungeon)

   Attacks with this weapon are significantly faster.
   rElec:     It insulates you from electricity.
   rN:        It protects you from negative energy.
Missiles
 f - 4 throwing nets
Armour
 N - a +0 buckler (worn)
Magical Staves
 S - a staff of conjuration
Jewellery
 e - a +5 ring of evasion (on tentacle)
 j - an amulet of magic regeneration (around mantle)
 l - the ring "Sycawydi" (left tentacle) {Drain Dex+5 SInv}
   (You found it on level 3 of the Dungeon)

   [ring of see invisible]

   Dex:       It affects your dexterity (+5).
   SInv:      It lets you see invisible.
   Drain:     It drains your maximum health when unequipped.
 F - a ring of magical power (right tentacle)
 Q - a +5 ring of evasion (on tentacle)
 R - a ring of protection from cold (on tentacle)
 T - a +5 ring of evasion (on tentacle)
 W - the ring "Alutzu Xaro" (on tentacle) {rElec rF+}
   (You found it on level 11 of the Dungeon)

   [ring of protection from fire]

   rF:        It protects you from fire.
   rElec:     It insulates you from electricity.
 X - a ring of willpower (on tentacle)
 Y - a +6 ring of dexterity
 Z - the amulet of Zeuddihi {Faith rN+ Slay+2}
   (You found it on level 2 of the Lair of Beasts)

   [amulet of faith]

   It allows you to gain divine favour quickly.
   Slay:      It affects your accuracy & damage with ranged weapons and melee
   (+2).
   rN:        It protects you from negative energy.
Wands
 G - a wand of polymorph (2)
 H - a wand of iceblast (19)
 I - a wand of quicksilver (4)
 K - a wand of flame (28)
 V - a wand of digging (5)
Scrolls
 c - 2 scrolls of fog
 h - 2 scrolls of poison
 k - 5 scrolls of blinking
 o - a scroll of fear
 q - 7 scrolls of teleportation
 r - 3 scrolls of enchant weapon
 v - a scroll of vulnerability
 x - 2 scrolls of magic mapping
 z - 3 scrolls of enchant armour
 A - 4 scrolls of immolation
 B - a scroll of amnesia
 C - a scroll of torment {unknown}
 U - a scroll of brand weapon {unknown}
Potions
 a - 3 potions of magic
 b - 4 potions of heal wounds
 d - 5 potions of curing
 g - 3 potions of flight
 i - a potion of ambrosia {unknown}
 m - a potion of resistance
 n - 2 potions of invisibility
 p - 4 potions of lignification
 s - 3 potions of might
 t - a potion of brilliance
 u - 3 potions of cancellation
 w - 4 potions of attraction
 D - a potion of berserk rage
 J - 2 potions of haste
 M - a potion of mutation
Miscellaneous
 L - a condenser vane
 P - a piece from Xom's chessboard (15/15)


   Skills:
 - Level 10.3 Fighting
 - Level 8.3 Dodging
 - Level 6.5 Stealth
 - Level 7.3 Shields
 - Level 9.1 Spellcasting
 - Level 11.6 Conjurations
 - Level 6.1 Hexes
 - Level 6.3 Summonings
 - Level 5.3 Necromancy
 + Level 0.0 Transmutations
 + Level 0.0 Earth Magic
 - Level 6.4 Evocations


You had 3 spell levels left.
You knew the following spells:

 Your Spells              Type           Power      Damage    Failure   Level
a - Magic Dart            Conj           100%       1d8       1%          1
b - Searing Ray           Conj           100%       2d8       1%          2
c - Fulminant Prism       Conj/Hex       27%        3d14      1%          4
d - Iskenderun's Mystic   Conj/Tloc      42%        2d10      5%          4
e - Sublimation of Blood  Necr           39%        N/A       1%          2
f - Summon Mana Viper     Hex/Summ       44%        N/A       13%         5
g - Ozocubu's Armour      Ice            11%        N/A       19%         3
h - Borgnjor's Vile Clut  Necr/Erth      12%        N/A       50%         5
i - Wereblood             Tmut           11%        N/A       10%         2

Your spell library contained the following spells:

 Spells                   Type           Power      Damage    Failure   Level
 Dazzling Flash           Conj/Hex       100%       N/A       1%          3
 Cigotuvi's Dreadful Rot  Necr/Pois/Air  42%        N/A       4%          2
 Poisonous Vapours        Pois/Air       22%        N/A       10%         2
 Scorch                   Fire           22%        2d6       10%         2
 Frozen Ramparts          Ice            22%        1d4       19%         3
 Ignite Poison            Fire/Tmut/Pois 11%        N/A       19%         3
 Kindle Blastsparks       Fire/Tloc/Air  22%        2d11      19%         3
 Flame Wave               Conj/Fire      42%        2d11      5%          4
 Dispel Undead            Necr           39%        3d16      7%          4
 Silence                  Hex/Air        13%        N/A       43%         5
 Summon Forest            Summ/Tloc      14%        N/A       43%         5
 Ice Form                 Ice/Tmut       11%        N/A       52%         4
 Summon Cactus Giant      Summ           22%        N/A       56%         6
 Death Channel            Necr           19%        N/A       71%         6
 Lee's Rapid Deconstruct  Erth           5%         3d6*      86%         5
 Summon Hydra             Summ           22%        N/A       98%         7
 Ignition                 Fire           5%         3d4       100%        8
 Animate Dead             Necr           Unusable   N/A       N/A         4

Dungeon Overview and Level Annotations

Branches:
Dungeon (12/15)            Temple (1/1) D:7            Lair (4/5) D:11
  Swamp (0/4) Lair:2        Snake (0/4) Lair:2          Orc (2/2) D:11
    Elf (0/3) Orc:2         Sewer (visited)
  Slime: Lair:4-5

Altars:
Ashenzari
Cheibriados
Dithmenos
Elyvilon
Fedhas
Gozag
Hepliaklqana
Kikubaaqudgha
Makhleb
Nemelex Xobeh
Okawaru
Qazlal
Ru
Sif Muna
Trog
Uskayaw
Vehumet
Wu Jian
Xom
Yredelemnul
Zin
The Shining One

Shops:
D:7 =   Orc:1 :   Orc:2 [*(=!

Annotations:
D:10 1 runed translucent door, billz999's ghost, journeyman DjFE
Lair:2 3 runed translucent doors, Ulemaf's ghost, journeyman MeRe


Innate Abilities, Weirdness & Mutations

You cannot wear most types of armour.
You are amphibious.
You can wear up to eight rings at the same time.
Your skin changes colour to match your surroundings (Stealth+).
Your rubbery body absorbs attacks. (AC +1, EV +1)
((You are camouflaged when in or above water. (Stealth+)))
You have tentacles for arms and can constrict up to eight enemies at once.


Message History

The six-headed hydra misses you. The six-headed hydra bites you.
The six-headed hydra completely misses you.
The six-headed hydra bites you. The six-headed hydra bites you!
You hear a croak.
You hear a loud, deep croak!
Unknown command.
Casting: Fulminant Prism (mildly dangerous; 1% risk of failure)
Confirm with . or Enter, or press ? or * to list all spells.
Aiming: Fulminant Prism (mildly dangerous; 1% risk of failure)
Press: ? - help, Dir - move target You conjure a prism of explosive energy!
A fulminant prism comes into view.
You feel your willpower return.
Your fulminant prism explodes!
The blast of energy engulfs the five-headed hydra!!
The five-headed hydra is severely wounded.
The six-headed hydra completely misses you.
The six-headed hydra misses you.
You block the six-headed hydra's attack.
The six-headed hydra completely misses you.
The six-headed hydra misses you. The six-headed hydra bites you.
You hear a bellow! x2
Your fulminant prism crackles loudly.
Casting: Fulminant Prism (mildly dangerous; 1% risk of failure)
Confirm with . or Enter, or press ? or * to list all spells.
Aiming: Searing Ray (safe; 1% risk of failure)
Press: ? - help, Shift-Dir - straight line, f - five-headed hydra
Aim: a five-headed hydra (severely wounded, 94% to hit)
The searing ray hits the six-headed hydra!
The six-headed hydra is almost dead.
The searing ray hits the five-headed hydra!
The five-headed hydra is severely wounded. (Press . to maintain the ray.)
The six-headed hydra bites you! x2; The six-headed hydra misses you.
The six-headed hydra bites you!
* * * LOW HITPOINT WARNING * * *
The six-headed hydra bites you!
* * * LOW HITPOINT WARNING * * *
The six-headed hydra bites you!
You die...
Your body crumbles into a pile of gold.

#........##
#..............
#.#.......
#.............
##......>##
#............
###...........
#............
##...........
##..........
###........
##@#......
#D###.....
.....*.D# .....
........# ..P.
......... ..#
......... .##
..........
..........
...........


You could see a six-headed hydra (ally target), a five-headed hydra and a
friendly fulminant prism.

Vanquished Creatures
  An orc warlord (Orc:2)
  A hydra (Lair:3)
  5 two-headed ogres
  2 boulder beetles
  Urug (Lair:2)
  4 orc high priests (Orc:2)
  Pikel (D:7)
  A bog body (Lair:2)
  5 orc knights
  A manticore (D:11)
  An ugly thing (D:10)
  A black mamba (Lair:2)
  12 elephants
  2 gargoyles
  2 cane toads
  Maggie (D:7)
  A kobold demonologist (D:11)
  2 rime drakes
  2 komodo dragons
  9 trolls
  A polar bear (Lair:2)
  A hornet (D:8)
  Prince Ribbit (D:7)
  13 blink frogs (Lair:2)
  5 wyverns
  A shadow (D:9)
  2 wraiths (D:10)
  26 yaks
  2 humans (D:10)
  2 basilisks
  A steam dragon (D:8)
  7 vampire mosquitoes
  Menkaure (D:5)
  Eustachio (D:5)
  7 wargs
  7 water moccasins
  An acid dragon (D:9)
  28 orc warriors
  A sky beast (D:7)
  5 ice beasts
  3 black bears
  6 ogres
  2 centaurs (D:7)
  A wolf (D:11)
  3 lemures (D:7)
  4 necrophages
  A kobold brigand (D:9)
  9 bullfrogs
  2 gnoll sergeants
  3 scorpions
  9 wights
  12 killer bees
  7 howler monkeys
  3 electric eels
  8 hounds
  10 orc priests
  A jelly (D:8)
  A human zombie (D:4)
  3 gnoll boudas
  5 iguanas
  21 orc wizards
  4 hound zombies (D:4)
  2 mummies (D:4)
  17 gnolls
  11 adders
  3 shadow imps
  A white imp (D:5)
  3 adder zombies (D:4)
  A worm (D:3)
  3 dart slugs
  52 orcs
  11 ball pythons
  13 endoplasms
  9 giant cockroaches
  5 goblins
  8 hobgoblins
  6 jackals (D:2)
  9 quokkas
  7 bats
  8 frilled lizards
  14 kobolds
  4 rats
  4 fulminant prisms
477 creatures vanquished.

Vanquished Creatures (others)
  An iguana (D:7)
  307 fulminant prisms
  44 fungi
  18 plants
370 creatures vanquished.

Grand Total: 847 creatures vanquished

Notes
Turn   | Place    | Note
-------+----------+-------------------------------------------
     0 | D:1      | hikkokomori the Octopode Conjurer began the quest for the
                  | Orb.
     0 | D:1      | Reached XP level 1. HP: 11/11 MP: 3/3
   171 | D:1      | Reached XP level 2. HP: 17/17 MP: 3/5
   713 | D:1      | Reached XP level 3. HP: 21/21 MP: 3/6
   808 | D:1      | Learned a level 2 spell: Searing Ray
  1281 | D:2      | Reached XP level 4. HP: 27/27 MP: 4/7
  1286 | D:2      | Learned a level 4 spell: Fulminant Prism
  1437 | D:2      | Reached skill level 1 in Hexes
  1805 | D:3      | Reached XP level 5. HP: 24/31 MP: 5/8
  1850 | D:3      | Found a sparkling altar of Nemelex Xobeh.
  1860 | D:3      | Identified the ring "Sycawydi" {Drain Dex+5 SInv}
  1905 | D:3      | Reached skill level 5 in Conjurations
  2152 | D:3      | Found a bloodstained altar of Trog.
  2213 | D:3      | Found an opulent altar of Gozag.
  2225 | D:3      | Became a worshipper of Gozag Ym Sagoz the Greedy
  2478 | D:4      | Noticed an ogre
  2485 | D:4      | Killed an ogre
  2486 | D:4      | Reached XP level 6. HP: 36/36 MP: 2/9
  2585 | D:4      | Found a white marble altar of Elyvilon.
  2651 | D:4      | Found a glowing drain.
  2661 | Sewer    | Entered a sewer
  2745 | Sewer    | Reached skill level 6 in Conjurations
  2965 | Sewer    | Reached XP level 7. HP: 41/41 MP: 2/10
  3234 | D:4      | Found an ancient bone altar of Kikubaaqudgha.
  3324 | D:4      | Reached skill level 1 in Fighting
  3750 | D:4      | Reached skill level 5 in Hexes
  3750 | D:4      | Reached XP level 8. HP: 35/50 MP: 2/12
  3782 | D:4      | Reached skill level 7 in Conjurations
  4599 | D:5      | Entered Level 5 of the Dungeon
  4702 | D:5      | Found a broken altar of Ashenzari.
  4787 | D:5      | Noticed Eustachio
  4794 | D:5      | Killed Eustachio
  4982 | D:5      | Found a glowing silver altar of Zin.
  5004 | D:5      | Found a burning altar of Makhleb.
  5213 | D:5      | Noticed Menkaure
  5221 | D:5      | Killed Menkaure
  5766 | D:6      | Reached XP level 9. HP: 40/58 MP: 2/15
  5848 | D:6      | Identified the +4 war axe of Floods {elec, Drain rPois rF+
                  | Int+4}
  6086 | D:6      | Reached skill level 8 in Conjurations
  6267 | D:7      | Reached skill level 5 in Stealth
  6364 | D:7      | Noticed Maggie
  6537 | D:7      | Reached skill level 5 in Fighting
  6625 | D:7      | Noticed Pikel
  6634 | D:7      | Killed Pikel
  6660 | D:7      | Found a staircase to the Ecumenical Temple.
  6667 | Temple   | Entered the Ecumenical Temple
  6919 | D:7      | Noticed Prince Ribbit
  6923 | D:7      | Reached XP level 10. HP: 64/68 MP: 14/16
  6923 | D:7      | Killed Prince Ribbit
  6924 | D:7      | Reached skill level 9 in Conjurations
  6948 | D:7      | Reached skill level 5 in Dodging
  7147 | D:7      | Identified the +1 robe of Going Fast {Harm *Corrode +Inv
                  | rN++}
  7469 | D:7      | Learned a level 4 spell: Iskenderun's Mystic Blast
  7505 | D:7      | Killed Maggie
  7668 | D:8      | Noticed a two-headed ogre
  7674 | D:8      | Killed a two-headed ogre
  8010 | D:8      | Reached skill level 10 in Conjurations
  8237 | D:8      | Reached skill level 1 in Evocations
  8237 | D:8      | Reached XP level 11. HP: 49/77 MP: 17/17
  8697 | D:9      | Noticed a two-headed ogre
  8718 | D:9      | Killed a two-headed ogre
  8719 | D:9      | Reached skill level 5 in Spellcasting
  9559 | D:9      | Learned a level 2 spell: Sublimation of Blood
  9596 | D:10     | Entered Level 10 of the Dungeon
  9626 | D:10     | Reached skill level 1 in Shields
  9626 | D:10     | Reached skill level 1 in Necromancy
  9697 | D:10     | You fall into a shaft and drop 2 floors!
  9990 | D:12     | Identified the +4 rapier of the Mosquito {speed, rElec rN+}
 10051 | D:12     | Noticed a two-headed ogre
 10064 | D:12     | Killed a two-headed ogre
 10287 | D:12     | Reached skill level 5 in Evocations
 10510 | D:11     | Noticed a boulder beetle
 10525 | D:11     | Noticed a two-headed ogre
 10556 | D:11     | Killed a two-headed ogre
 10557 | D:11     | Reached XP level 12. HP: 58/84 MP: 21/21
 11015 | D:10     | Found a runed translucent door.
 11019 | D:10     | Found a shimmering altar of Xom.
 11019 | D:10     | Noticed billz999's ghost (journeyman DjFE)
 11110 | D:10     | Found an iron altar of Okawaru.
 11184 | D:10     | Noticed a boulder beetle
 11203 | D:10     | Noticed a two-headed ogre
 11392 | D:10     | Killed a two-headed ogre
 11566 | D:10     | Killed a boulder beetle
 11785 | D:11     | Learned a level 5 spell: Summon Mana Viper
 11863 | D:11     | Reached skill level 1 in Summonings
 11929 | D:11     | Found a staircase to the Orcish Mines.
 11973 | D:11     | Found a staircase to the Lair.
 12008 | D:11     | Killed a boulder beetle
 12009 | D:11     | Reached skill level 5 in Shields
 12009 | D:11     | Reached skill level 5 in Necromancy
 12132 | D:11     | Identified the ring "Alutzu Xaro" {rElec rF+}
 12498 | Lair:1   | Entered Level 1 of the Lair of Beasts
 13264 | Lair:1   | Reached XP level 13. HP: 69/90 MP: 24/24
 13719 | Lair:2   | Found a staircase to the Swamp.
 13778 | Lair:2   | Found a runed translucent gate.
 13778 | Lair:2   | Found a runed translucent gate.
 13778 | Lair:2   | Found a runed translucent gate.
 13784 | Lair:2   | Identified the amulet of Zeuddihi {Faith rN+ Slay+2}
 13784 | Lair:2   | Noticed Ulemaf's ghost (journeyman MeRe)
 14222 | Lair:2   | Found a staircase to the Snake Pit.
 14480 | Lair:2   | Noticed Urug
 14524 | Lair:2   | Killed Urug
 15179 | Lair:3   | Reached skill level 11 in Conjurations
 15179 | Lair:3   | Reached skill level 5 in Summonings
 15665 | Orc:1    | Entered Level 1 of the Orcish Mines
 15762 | Orc:2    | Entered Level 2 of the Orcish Mines
 15762 | Orc:2    | Found a staircase to the Elven Halls.
 16644 | Orc:2    | Found Jiseocs's Distillery.
 16652 | Orc:2    | Bought a potion of mutation for 112 gold pieces
 16652 | Orc:2    | Bought a potion of curing for 42 gold pieces
 16652 | Orc:2    | Bought a potion of heal wounds for 70 gold pieces
 16652 | Orc:2    | Bought a potion of brilliance for 56 gold pieces
 16704 | Orc:2    | Reached skill level 10 in Fighting
 16715 | Orc:2    | Noticed an orc warlord
 16774 | Orc:2    | Killed an orc warlord
 16775 | Orc:2    | Reached XP level 14. HP: 77/99 MP: 18/26
 17128 | Orc:2    | Found Heuzon Pukk's Antique Weapon Emporium.
 17221 | Orc:2    | Found Vaelank's General Store.
 17229 | Orc:2    | Bought a book of Unlife for 504 gold pieces
 17229 | Orc:2    | Bought a scroll of poison for 56 gold pieces
 17229 | Orc:2    | Bought a wand of digging (2) for 117 gold pieces
 17294 | Orc:2    | Found Xuinirr's Antique Armour Boutique.
 17374 | Orc:2    | Found Byipnin's Jewellery Boutique.
 17650 | Orc:1    | Bought the Atlas of Boreal Voltage for 608 gold pieces
 17650 | Orc:1    | Bought the Directory of the Hornet and Kindling for 512
                  | gold pieces
 17656 | Orc:1    | Learned a level 3 spell: Ozocubu's Armour
 17660 | Orc:1    | Learned a level 3 spell: Ignite Poison
 17742 | Lair:4   | Learned a level 5 spell: Borgnjor's Vile Clutch
 17745 | Lair:4   | Learned a level 2 spell: Wereblood
 17771 | Lair:4   | Slain by a six-headed hydra

Illustrated notes

Levels and vault maps discovered:
D:1:      erik_arrival_orb_chamber, layout_loops_ring,
          nicolae_figureground_pulse
D:2:      layout_basic, grunt_ministairs_3
D:3:      layout_basic, mainiacjoe_overflow_alcove_4,
          mainiacjoe_overflow_concentric_impassable,
          mainiacjoe_overflow_surrounded_room
D:4:      minmay_evil_eye, layout_basic, lemuel_mausoleum_altar_kikubaaqudgha,
          elyvilon_altar_5, portal_sewer_entry_d, small_statue_intersection,
          grunt_ministairs_3, nrook_campfire
D:5:      layout_cave_pods, amcnicky_altar_gilded, lemuel_doored_altar,
          nicolae_overflow_hidden_temple, uniq_eustachio, uniq_menkaure
D:6:      layout_basic, serial_curves, eino_curves_04, eino_curves_04,
          dk_noncrumbling_3
D:7:      layout_loops_corners, minmay_temple_entry_tees,
          david_defended_altar_orc, uniq_maggie, uniq_prince_ribbit1, uniq_pikel
D:8:      kennysheep_blocky_hall, layout_loops_cross, minivault_5, minivault_14,
          grunt_ogre_cave
D:9:      layout_loops_ring, serial_aquarium, aquarium_bridge_square
          [aquarium_subvault_bridge, aquarium_subvault_wall,
          aquarium_subvault_bridge, aquarium_subvault_wall],
          aquarium_bridge_island_small [aquarium_subvault_small_water,
          aquarium_subvault_bridge, aquarium_subvault_wall,
          aquarium_subvault_wall, aquarium_subvault_balcony], aquarium_window_1,
          aquarium_window_1, aquarium_window_1, aquarium_window_1,
          aquarium_view_2c, kennysheep_decorative_pillar, nrook_mini_backslash
D:10:     layout_basic, okawaru_humans, ebering_ghost_xom,
          minmay_mirror_moons_of_madness
D:11:     layout_long_grid, erik_lair_island, orc_0_dummy
D:12:     layout_roguey, kennysheep_generic_room_4
Temple:   dshaligram_water_room_temple
Lair:1:   layout_loops_ring, lemuel_fruit_fields, lemuel_fruit_fields
Lair:2:   layout_regular_city, skrybe_swamp_entry_bodies, dummy_snake_entry,
          gammafunk_ghost_split, uniq_urug
Lair:3:   layout_chaotic_city, serial_bayou_lagoon_b
Lair:4:   layout_cave_pods, nicolae_slime_entry_slimehenge, st_stairs_8,
          chequers_serial_rivers_marsh, lemuel_oklob_altar, grunt_megastairs_5,
          uniq_snorg
Orc:1:    layout_caves, nicolae_orc_damp_corner, statue_in_the_mist_lemuel,
          mines2_david
Orc:2:    grunt_orc_gardens, layout_caves, grunt_orc_garden, grunt_orc_garden,
          grunt_orc_garden, grunt_orc_garden, serial_shops, shop

Skill      XL: |  1  2  3  4  5  6  7  8  9 10 11 12 13 14 |
---------------+-------------------------------------------+-----
Stealth        | 3 4 6 |  6.5
Hexes          | 1 3 4 5 6 |  6.1
Conjurations   | 5 6 7 8 10 11 | 11.6
Fighting       | 2 4 5 7 8 10 | 10.3
Spellcasting   | 4 6 7 8 9 |  9.1
Dodging        | 4 7 8 |  8.3
Evocations     | 1 5 6 |  6.4
Shields        | 3 6 7 |  7.3
Necromancy     | 3 5 |  5.3
Summonings     | 3 6 |  6.3

Action                   |  1- 3 |  4- 6 |  7- 9 | 10-12 | 13-15 || total
-------------------------+-------+-------+-------+-------+-------++-------
Melee: Unarmed           |     5 |       |       |       |       ||     5
       Tentacles         |     2 |     1 |    13 |    16 |    24 ||    56
       Constrict         |     2 |     1 |    15 |    11 |    14 ||    43
       Staff             |     7 |       |       |       |       ||     7
       Long sword        |       |     4 |    20 |       |       ||    24
       Dagger            |       |       |    17 |       |       ||    17
       War axe           |       |       |    15 |    76 |    66 ||   157
       Punch             |       |       |       |     2 |     2 ||     4
 Cast: Magic Dart        |    66 |   129 |    73 |    51 |    63 ||   382
       Searing Ray       |     1 |     9 |    32 |    41 |    18 ||   101
       Fulminant Prism   |       |     3 |    35 |   142 |   132 ||   312
       Summon Mana Viper |       |       |       |       |     1 ||     1
       Ozocubu's Armour  |       |       |       |       |     1 ||     1
Invok: Call Merchant     |       |       |       |     1 |     1 ||     2
Evoke: Wand              |       |       |       |     6 |     2 ||     8
  Use: Scroll            |       |     6 |     5 |     9 |     7 ||    27
       Potion            |       |       |     1 |     1 |     3 ||     5
 Stab: Sleeping          |       |     1 |     6 |       |       ||     7
       Distracted        |       |       |       |     2 |     2 ||     4
Armor: Skin              |       |     1 |     1 |     1 |       ||     3
Dodge: Dodged            |    15 |     7 |    53 |   128 |   117 ||   320
Block: Buckler           |       |       |       |     9 |    39 ||    48

Table legend: (Time is in decaauts)
 A = Elapsed time spent in this place.
 B = Non-inter-level travel time spent in this place.
 C = Inter-level travel time spent in this place.
 D = Time resting spent in this place.
 E = Time spent auto-exploring this place.
 F = Levels seen in this place.
 G = Mean time per level.
                   A        B        C        D        E       F      G
               +--------+--------+--------+--------+--------+-----+--------+
         Total |  17869 |  17003 |    866 |   1851 |  11756 |  20 |  893.5 |
       Dungeon |  12100 |  11483 |    617 |   1285 |   7952 |  12 | 1008.3 |
        Temple |     93 |     68 |     25 |      0 |     59 |   1 |   93.0 |
          Lair |   3250 |   3111 |    139 |    166 |   2478 |   4 |  812.5 |
  Orcish Mines |   2040 |   1957 |     83 |    387 |   1094 |   2 | 1020.0 |
         Sewer |    384 |    384 |      0 |     13 |    173 |   1 |  384.0 |
               +--------+--------+--------+--------+--------+-----+--------+

Top non-repeatable levels by time:
     D:4: 1822 daAuts
   Orc:2: 1358 daAuts
     D:7: 1188 daAuts
  Lair:2: 1182 daAuts
    D:11: 1143 daAuts
  Lair:1: 1129 daAuts
     D:1: 1108 daAuts
    D:10: 1102 daAuts
     D:8: 1087 daAuts
     D:9: 1063 daAuts
     D:5: 940 daAuts
  Lair:3: 874 daAuts
     D:3: 694 daAuts
   Orc:1: 682 daAuts
     D:6: 655 daAuts
